 Dungeon Crawl Stone Soup version 0.18-a0-1800-gdc7a371 (webtiles) character file.

18 Kaigus the Skirmisher (level 2, 0/27 HPs)
             Began as a Draconian Berserker on Apr 25, 2016.
             Was a Follower of Trog.
             Slain by Sigmund
             ... wielding a +0 scythe
              (2 damage)
             ... on level 2 of the Dungeon.
             The game lasted 00:11:48 (832 turns).

Kaigus the Skirmisher (Draconian Berserker)          Turns: 832, Time: 00:11:49

Health: 0/27       AC:  4    Str: 17    XL:     2   Next: 48%
Magic:  2/2        EV: 12    Int:  7    God:    Trog [*.....]
Gold:   50         SH:  0    Dex: 10    Spells: 0 memorised, 1 level left

rFire  . . .     SeeInvis .     a - +0 falchion
rCold  . . .     Gourm    .     (armour unavailable)
rNeg   . . .     Faith    .     (no shield)
rPois  .         Spirit   .     (helmet restricted)
rElec  .         Dismiss  .     (no cloak)
rCorr  .         Reflect  .     (no gloves)
SustAt .         Harm     .     (no boots)
MR     .....                    (no amulet)
Stlth  +.........               (no ring)
                                b - -2 ring of strength (curse)

@: not resistant to hostile enchantments, very unstealthy
A: unfitting armour, cold-blooded, AC +4
a: Berserk, Burn Spellbooks, Renounce Religion


You were on level 2 of the Dungeon.
You worshipped Trog.
Trog was aware of your devotion.
You were full.

You visited 1 branch of the dungeon, and saw 2 of its levels.

You collected 50 gold pieces.

Inventory:

Hand Weapons
 a - a +0 falchion (weapon)
 d - a +0 club
 n - a +0 whip
Missiles
 c - 14 stones (quivered)
 e - 9 arrows
Armour
 h - a +0 ring mail
 l - a +4 ring mail
 m - a +0 leather armour
Jewellery
 b - a cursed -2 ring of strength (left hand)
Scrolls
 k - a scroll of identify {unknown}
 q - a scroll of fog {unknown}
Potions
 f - a potion of curing {unknown}
 o - 2 potions of heal wounds {unknown}
Comestibles
 p - a chunk of flesh


   Skills:
 + Level 3.7 Fighting
 + Level 3.1 Long Blades
 + Level 3.1 Dodging


You had one spell level left.
You didn't know any spells.

Dungeon Overview and Level Annotations

Branches:
Dungeon (2/15)

Altars:

Annotations:
D:2 Sigmund, Terence


Innate Abilities, Weirdness & Mutations

Your plain brown scales are hard (AC +4).
Your body does not fit into most forms of armour.
You are cold-blooded and may be slowed by cold attacks.


Message History

The puff of flame hits you!
* * * LOW HITPOINT WARNING * * *
Your surroundings seem slightly different.
Sigmund's eyes start glowing with a red light.
Found a whip.
Found 11 bolts and a scroll labeled GISAB MAILI.
Sigmund screams, "Only death can liberate you!"
Sigmund gestures at you while chanting.
You are confused.
Found 3 scrolls labeled JAJERPH ACYF.
Sigmund gestures at you while chanting. You resist with significant effort.
You're too confused!
Terence the Incautious comes into view.
He is wielding a flail.
Terence shouts!
Sigmund closely misses you.
A jackal comes into view.
You feel less confused.
Sigmund hits you from afar with a scythe.
You die...

.............§#######
...†..............(##
...[.......#######..###
#####......# ##...#
#......########...#
########..........#
#.....@...$#
#(.........#
#....@.....#
#..........#
.....@..).....#
..........?...#
.h.?..........#
.......##......#
....... ......# .......
......#


You could see Sigmund, Terence and a jackal (wandering).

Vanquished Creatures
  A worm (D:2)
  A dart slug (D:1)
  A ball python (D:1)
  3 hobgoblins (D:1)
  A kobold (D:1)
  A bat (D:1)
  2 giant newts
  4 rats
14 creatures vanquished.

Notes
Turn   | Place    | Note
--------------------------------------------------------------
     0 | D:1      | Kaigus the Draconian Berserker began the quest for the Orb.
     0 | D:1      | Reached XP level 1. HP: 19/19 MP: 1/1
   364 | D:1      | Reached XP level 2. HP: 21/26 MP: 2/2
   807 | D:2      | Noticed Sigmund
   821 | D:2      | HP: 1/27 [Sigmund/puff of flame (11)]
   829 | D:2      | Noticed Terence
   832 | D:2      | Slain by Sigmund

Vault maps used:
D:1:      dpeg_arrival_three_same_balls
D:2:      item_on_display_a, uniq_sigmund, uniq_terence

Skill      XL: |  1  2 |
---------------+-------+-----
Dodging        | 3 |  3.1
Fighting       | |  3.7
Long Blades    | |  3.1

Action                   || total
-------------------------++-------
Melee: Falchion          ||    38
       Tailslap          ||     5
Throw: Stone             ||     1
  Use: Scroll            ||     3
       Potion            ||     1
  Eat: Bread ration      ||     1
Armor: Skin              ||     9
Dodge: Dodged            ||    22
